 Dungeon Crawl Stone Soup version 0.27-a0-597-g524d869a0f (webtiles) character file.

Game seed: 11647219105366355875

553 Cancer the Magician (level 7, -1/36 HPs)
             Began as a Deep Elf Conjurer on Mar 12, 2021.
             Was a Follower of Sif Muna.
             Shot with an arrow by a centaur (9 damage)
             ... on level 5 of the Dungeon.
             The game lasted 00:10:56 (4362 turns).

Cancer the Magician (Deep Elf Conjurer)             Turns: 4362, Time: 00:10:56

Health: -1/36      AC:  5    Str:  4    XL:     7   Next: 8%
Magic:  19/19      EV: 12    Int: 28    God:    Sif Muna [*.....]
Gold:   199        SH:  0    Dex: 13    Spells: 10/20 levels left

rFire    + . .     SeeInvis .   y - +2 hand axe of Kiqyefutz {vorpal, +Fly rElec rC+}
rCold    + . .     Faith    .   (no shield)
rNeg     . . .     Spirit   .   a - +0 robe
rPois    +         Reflect  .   l - +1 helmet of Resonance {Int+3 Stlth+}
rElec    +         Harm     .   g - +0 cloak
rCorr    .         Rampage  .   (no gloves)
Will     .....                  (no boots)
Stlth    +++.......             h - amulet of regeneration
HPRegen  1.12/turn              f - ring of protection from fire
MPRegen  0.16/turn              x - ring of poison resistance

@: no status effects
A: no striking features
a: Renounce Religion, Evoke Flight, Channel Magic


You were on level 5 of the Dungeon.
You worshipped Sif Muna.
Sif Muna was aware of your devotion.
You visited 1 branch of the dungeon, and saw 5 of its levels.

You collected 199 gold pieces.

Inventory:

Hand Weapons
 e - a +0 spear
 u - a +1 whip of electrocution
 y - the +2 hand axe of Kiqyefutz (weapon) {vorpal, +Fly rElec rC+}
   (You found it on level 5 of the Dungeon)

   It inflicts extra damage upon your enemies.
   It protects you from cold.
   It insulates you from electricity.
   It lets you fly.
Armour
 a - a +0 robe (worn)
 g - a +0 cloak (worn)
 l - the +1 helmet of Resonance (worn) {Int+3 Stlth+}
   (You took it off Robin on level 2 of the Dungeon)

   It affects your intelligence (+3).
   It makes you more stealthy.
 s - a +0 tower shield
 v - the +0 buckler "Ogufiole" {+Inv}
   (You took it off an orc on level 4 of the Dungeon)

   It lets you turn invisible.
 w - a +2 hat
Jewellery
 f - a ring of protection from fire (right hand)
 h - an amulet of regeneration (around neck)
 m - a ring of resist corrosion
 t - a ring of fire
 x - a ring of poison resistance (left hand)
Wands
 n - a wand of iceblast (7)
Scrolls
 b - 8 scrolls of identify {unknown}
 c - 8 scrolls of teleportation {unknown}
 d - a scroll of blinking {unknown}
 r - a scroll of random uselessness {unknown}
Potions
 i - a potion of brilliance {unknown}
 j - 2 potions of magic {unknown}
 k - a potion of cancellation {unknown}
 o - a potion of attraction {unknown}
 p - 2 potions of curing
 q - 2 potions of resistance


   Skills:
 - Level 3.0 Dodging
 - Level 3.0 Stealth
 + Level 7.0 Spellcasting
 + Level 6.9 Conjurations
 + Level 2.8 Hexes


You had 10 spell levels left.
You knew the following spells:

 Your Spells              Type           Power      Damage    Failure   Level
a - Magic Dart            Conj           100%       1d8       1%          1
b - Searing Ray           Conj           96%        3d7       1%          2
c - Dazzling Flash        Conj/Hex       74%        N/A       2%          3
d - Fulminant Prism       Conj/Hex       18%        3d11      8%          4

Your spell library contained the following spells:

 Spells                   Type           Power      Damage    Failure   Level
 Iskenderun's Mystic Bla  Conj/Tloc      29%        2d7       13%         4


Dungeon Overview and Level Annotations

Branches:
Dungeon (5/15)
 Temple: D:4-7

Altars:
Okawaru
Qazlal
Sif Muna
Vehumet
Wu Jian
Xom
Yredelemnul

Shops:
D:4 (   D:5 *

Annotations:
D:4 2 transporters


Message History

An adder comes into view.
The magic dart hits the adder!
The adder is severely wounded.
The magic dart hits the adder.
The adder is severely wounded.
The adder closely misses you.
The magic dart hits the adder.
You kill the adder!
Sif Muna accepts your kill.
You can't see any susceptible monsters within range! (Use Z to cast anyway.) You're wearing all the rings you can.
Remove which one? (? for menu, Esc to cancel) > or
f - a ring of protection from fire; < or
m - a ring of resist corrosion You remove your ring of resist corrosion.
x - a ring of poison resistance (left hand)
You see here an adder corpse.
Found a pitted hand axe.
You now have 193 gold pieces (gained 13).
Found 18 stones.
You see here the +2 hand axe of Kiqyefutz {vorpal, +Fly rElec rC+}.
y - the +2 hand axe of Kiqyefutz {vorpal, +Fly rElec rC+} Your +1 whip of electrocution stops crackling.
y - the +2 hand axe of Kiqyefutz (weapon)
{vorpal, +Fly rElec rC+} You open the door.
Found an iron altar of Okawaru.
Found a glaive.
You see here 18 stones.
You now have 199 gold pieces (gained 6).
A centaur comes into view.
Found a grey potion.
Found Plog's Assorted Antiques.
The magic dart hits the centaur.
The centaur is lightly wounded.
The centaur shouts!
The centaur wields a +0 shortbow.
The centaur shoots an arrow.
The arrow hits you!
The centaur shoots an arrow.
The arrow hits you!
The centaur shoots an arrow.
The arrow hits you!
* * * LOW HITPOINT WARNING * * *
The centaur shoots an arrow.
The arrow hits you!
You die...

#. #.# ##.###.# #......#
#......# #......# #......#
##########......#
#.c......#......#########
#.######@#............... #.#
#.####.########### ..!......#
#.# #.# #######. ###∩.....# #.#
#.####....... #....... ###.##
#.........[..
#.......##....########....†.<
.c.......##.).................
..#.......##....########.......
..#.......##....# #.......


You could see a centaur.

Vanquished Creatures
  An ogre (D:4)
  A scorpion (D:4)
  An orc priest (D:4)
  3 iguanas (D:4)
  3 worker ants
  A hound skeleton (D:4)
  Robin (D:2)
  3 gnolls (D:4)
  7 adders
  2 oozes
  6 worms
  A dart slug (D:1)
  2 leopard geckos
  11 orcs
  9 giant cockroaches
  18 goblins
  9 hobgoblins
  A quokka (D:3)
  2 ball pythons
  7 bats
  4 frilled lizards
  4 kobolds
  11 rats
108 creatures vanquished.

Notes
Turn   | Place    | Note
-------+----------+-------------------------------------------
     0 | D:1      | Cancer the Deep Elf Conjurer began the quest for the Orb.
     0 | D:1      | Reached XP level 1. HP: 10/10 MP: 6/6
   176 | D:1      | Reached XP level 2. HP: 9/15 MP: 2/8
   419 | D:1      | Learned a level 2 spell: Searing Ray
   655 | D:2      | Reached skill level 4 in Spellcasting
   655 | D:2      | Reached skill level 5 in Conjurations
   655 | D:2      | Reached XP level 3. HP: 10/19 MP: 2/10
   940 | D:2      | Identified the +1 helmet of Resonance {Int+3 Stlth+}
   940 | D:2      | Noticed Robin
   944 | D:2      | Killed Robin
  1276 | D:2      | Reached XP level 4. HP: 24/24 MP: 10/12
  1280 | D:2      | Learned a level 3 spell: Dazzling Flash
  1330 | D:2      | Found a stormy altar of Qazlal.
  1664 | D:2      | Reached skill level 5 in Spellcasting
  1919 | D:2      | Found a shimmering blue altar of Sif Muna.
  1925 | D:2      | Became a worshipper of Sif Muna the Loreminder
  2096 | D:3      | Learned a level 4 spell: Fulminant Prism
  2276 | D:3      | Reached XP level 5. HP: 28/28 MP: 10/14
  2384 | D:3      | Found an ornate altar of the Wu Jian Council.
  2718 | D:3      | Reached * piety under Sif Muna
  3126 | D:4      | Found a basalt altar of Yredelemnul.
  3126 | D:4      | Found a shimmering altar of Xom.
  3131 | D:4      | Found a radiant altar of Vehumet.
  3254 | D:4      | Reached skill level 6 in Spellcasting
  3254 | D:4      | Reached XP level 6. HP: 31/32 MP: 3/17
  3443 | D:4      | Found a transporter.
  3446 | D:4      | Noticed a fire bat
  3447 | D:4      | Noticed a fire bat
  3447 | D:4      | Noticed a fire bat
  3517 | D:4      | Reached skill level 1 in Hexes
  3550 | D:4      | Identified the +0 buckler "Ogufiole" {+Inv}
  3882 | D:4      | Found Myudd's Antique Weapon Shoppe.
  3898 | D:4      | Found a transporter.
  3969 | D:4      | Reached XP level 7. HP: 36/36 MP: 13/19
  4165 | D:5      | Entered Level 5 of the Dungeon
  4169 | D:5      | Reached skill level 7 in Spellcasting
  4292 | D:5      | Identified the +2 hand axe of Kiqyefutz {vorpal, +Fly rElec
                  | rC+}
  4300 | D:5      | Found an iron altar of Okawaru.
  4353 | D:5      | Found Plog's Assorted Antiques.
  4356 | D:5      | HP: 1/36 [centaur/arrow (16)]
  4362 | D:5      | Shot with an arrow by a centaur

Illustrated notes

Levels and vault maps discovered:
D:1:      evilmike_arrival_home_sweet_home, layout_rooms
D:2:      layout_rooms, overflow_temple_1_default, led_sif_pool,
          grunt_decor_clamped, minmay_cupped, uniq_robin
D:3:      minmay_evil_eye, layout_basic, lemuel_round_altar
D:4:      gammafunk_cloud_chamber, layout_cave_pools,
          chequers_temple_overflow_statue_of_worship, serial_shops,
          nicolae_shop_trees, serial_column_ruins, column_ruins_square_medium,
          column_ruins_hut_ruined, column_ruins_columns_corner,
          column_ruins_grid_1, column_ruins_open_small, column_ruins_open_small
D:5:      layout_basic, kennysheep_mini, hangedman_ru_absence, serial_shops,
          shop, nicolae_shop_stone, nicolae_shop_waterfront,
          grunt_decor_fettered

Skill      XL: |  1  2  3  4  5  6  7 |
---------------+----------------------+-----
Spellcasting   | 4 5 6 7 |  7.0
Conjurations   | 5 6 |  6.9
Stealth        | 3 |  3.0
Dodging        | 3 |  3.0
Hexes          | 2 |  2.8

Action                   |  1- 3 |  4- 6 |  7- 9 || total
-------------------------+-------+-------+-------++-------
Melee: Spear             |     3 |     8 |       ||    11
 Cast: Magic Dart        |    43 |   170 |     5 ||   218
       Searing Ray       |     3 |     5 |     1 ||     9
  Use: Potion            |     2 |       |       ||     2
Armor: Robe              |     4 |     3 |       ||     7
Dodge: Dodged            |     7 |    19 |     1 ||    27

Table legend: (Time is in decaauts)
 A = Elapsed time spent in this place.
 B = Non-inter-level travel time spent in this place.
 C = Inter-level travel time spent in this place.
 D = Time resting spent in this place.
 E = Time spent auto-exploring this place.
 F = Levels seen in this place.
 G = Mean time per level.
                   A        B        C        D        E       F      G
               +--------+--------+--------+--------+--------+-----+--------+
         Total |   4343 |   4207 |    136 |    560 |   2977 |   5 |  868.6 |
       Dungeon |   4343 |   4207 |    136 |    560 |   2977 |   5 |  868.6 |
               +--------+--------+--------+--------+--------+-----+--------+

Top non-repeatable levels by time:
     D:2: 1121 daAuts
     D:4: 1117 daAuts
     D:3: 1063 daAuts
     D:1: 845 daAuts
     D:5: 195 daAuts
